 Dungeon Crawl Stone Soup version 0.28.0-45-g0d030f2227 (webtiles) character file.

Game seed: 7795613089996765452

8430 CryoSword the Covert (level 11, -16/56 HPs)
             Began as a Vine Stalker Enchanter on Apr 1, 2022.
             Was an Elder of Dithmenos.
             Shot with a bolt by a yaktaur (25 damage)
             ... on level 10 of the Dungeon.
             The game lasted 00:22:15 (10826 turns).

CryoSword the Covert (Vine Stalker Enchanter)      Turns: 10826, Time: 00:22:15

Health: -16/56     AC:  9    Str: 11    XL:     11   Next: 30%
Magic:  0/21       EV: 10    Int: 19    God:    Dithmenos [****..]
Gold:   538        SH:  0    Dex: 15    Spells: 12/23 levels left

rFire   . . .      SeeInvis .   w - +1 dagger
rCold   . . .      Faith    .   (no shield)
rNeg    . . .      Spirit   +   y - +2 ring mail {Will+}
rPois   .          Reflect  .   (no helmet)
rElec   .          Harm     .   o - +1 cloak
rCorr   .          Rampage  .   (no gloves)
Will    ++...                   (no boots)
Stlth   +++++.....              (no amulet)
HPRegen 0.98/turn               p - ring of flight
MPRegen 0.17/turn               (no ring)

@: flying, very slightly contaminated, wreathed by umbra
A: fangs 3, regeneration 1, magic shield, antimagic bite, no potion heal 2
a: Renounce Religion, Shadow Step


You were on level 10 of the Dungeon.
You worshipped Dithmenos.
Dithmenos was greatly pleased with you.
You visited 1 branch of the dungeon, and saw 10 of its levels.
You also visited: Ossuary.

You collected 538 gold pieces.

Inventory:

Hand Weapons
 a - a +0 short sword of electrocution
   (You took it off Duvessa on level 5 of the Dungeon)
 s - a +0 hand crossbow
   (You found it on level 7 of the Dungeon)
 w - a +1 dagger (weapon)
Missiles
 c - a throwing net
 k - 35 poisoned darts (quivered)
 n - a boomerang
Armour
 o - a +1 cloak (worn)
   (You found it on level 4 of the Dungeon)
 y - a +2 ring mail of willpower (worn)
   (You found it on level 5 of the Dungeon)
Jewellery
 p - a ring of flight (left hand)
   (You found it on level 4 of the Dungeon)
Wands
 b - a wand of digging (7)
   (You found it on level 10 of the Dungeon)
Scrolls
 d - 2 scrolls of enchant weapon
 g - a scroll of silence {unknown}
 j - 5 scrolls of teleportation {@r4}
 l - a scroll of summoning {unknown}
 m - a scroll of blinking {unknown}
 q - a scroll of vulnerability {unknown}
 t - 2 scrolls of noise {unknown}
 x - a scroll of holy word {unknown}
 A - 5 scrolls of magic mapping {unknown}
 C - a scroll of fog {unknown}
 D - a scroll of torment {unknown}
 G - a scroll of immolation {unknown}
Potions
 e - 5 potions of brilliance
 f - 3 potions of curing {@q1}
 h - 3 potions of berserk rage
 r - a potion of mutation {unknown}
 u - a potion of resistance {unknown}
 v - 2 potions of cancellation
 z - 2 potions of haste {@q3}
 E - 2 potions of flight {unknown}
 F - a potion of ambrosia {unknown}


   Skills:
 + Level 5.5 Fighting
 * Level 8.2 Short Blades
 - Level 1.5 Dodging
 * Level 9.8 Stealth
 + Level 6.6 Spellcasting
 - Level 2.0 Conjurations
 * Level 9.4 Hexes
 - Level 3.0 Ice Magic


You had 12 spell levels left.
You knew the following spells:

 Your Spells              Type           Power      Damage    Failure   Level
a - Ensorcelled Hibernat  Hex/Ice        58%        N/A       3%          2
b - Confusing Touch       Hex            42%        N/A       1%          3
c - Tukima's Dance        Hex            42%        N/A       1%          3
d - Dazzling Flash        Conj/Hex       56%        N/A       8%          3

Your spell library contained the following spells:

 Spells                   Type           Power      Damage    Failure   Level
 Freeze                   Ice            68%        1d8       8%          1
 Frozen Ramparts          Ice            34%        1d5       22%         3
 Hailstorm                Conj/Ice       15%        3d5       67%         4


Dungeon Overview and Level Annotations

Branches:
Dungeon (10/15)            Temple (0/1) D:7         Ossuary (visited)
   Lair: D:8-11         Orc: D:9-12

Altars:
Dithmenos
Ru
Sif Muna
Trog
Vehumet
Beogh

Shops:
D:5 (

Annotations:
D:8 1 runed translucent door, Cykl0x's ghost, novice GrEE
D:10 Josephine


Innate Abilities, Weirdness & Mutations

You have razor-sharp teeth.
Your natural rate of healing is unusually fast.
When hurt, damage is shared between your health and your magic reserves.
Your bite disrupts and absorbs the magic of your enemies.
Potions cannot restore your health.


Message History

An orc wizard comes into view. It is wielding a +0 dagger.
The orc warrior moves out of view.
An orc wizard is nearby!
An orc comes into view. It is wielding a +0 dagger.
The orc shouts!
The orc wizard shouts!
The orc wizard hits you with a +0 dagger.
The orc warrior shouts!
The orc wizard shouts!
You hit the orc wizard. The orc wizard casts a spell at you.
The magic dart hits you.
The orc wizard points at you and mumbles some strange words.
You are confused.
You bump into the rock wall.
The orc wizard gestures at you while chanting.
You are more confused.
The orc wizard mumbles some strange words.
The orc wizard flickers and vanishes!
Deactivating autopickup; reactivate with Ctrl-A.
You bump into the rock wall.
The orc misses you. Something hits you but does no damage.
You bump into the rock wall.
The orc hits you with a +0 dagger.
You hear some strange, mumbled words.
A magic dart appears from out of thin air!
The magic dart hits you.
You hit the orc. Your bite misses the orc.
You bump into the rock wall.
The orc wizard points at you and mumbles some strange words.
The magic dart hits you.
The orc warrior hits you with a +0 war axe!
You hear some strange, mumbled words.
A puff of flame appears from out of thin air!
The puff of flame hits you! The orc misses you.
You bump into the rock wall.
The orc warrior hits you with a +0 war axe!
* * * LOW HITPOINT WARNING * * *
Something hits you but does no damage. The orc barely misses you.
You are too confused!
Your system rejects the healing.
You feel better. The orc warrior barely misses you.
The orc wizard hits you with a +0 dagger.
* * * LOW HITPOINT WARNING * * *
You hear some strange, mumbled words.
A magic dart appears from out of thin air!
The magic dart hits you!
* * * LOW HITPOINT WARNING * * *
The orc hits you with a +0 dagger.
* * * LOW HITPOINT WARNING * * *
A magic dart appears from out of thin air!
The magic dart hits you!
* * * LOW HITPOINT WARNING * * *
Okay, then.
As you read the scroll of teleportation {@r4}, it crumbles to dust.
You feel strangely unstable.
The orc wizard points at you and mumbles some strange words.
You resist with almost no effort.
The orc warrior hits you with a +0 war axe.
* * * LOW HITPOINT WARNING * * *
Your surroundings suddenly seem different.
You start resting.
You start resting.
You start removing your armour.
You continue taking off your +1 robe of cold resistance. x4
You finish taking off your +1 robe of cold resistance.
You feel less resistant to cold.
You start putting on your armour.
You continue putting on your +2 ring mail of willpower. x5
You finish putting on your +2 ring mail of willpower.
You feel strong-willed.
You drop a +1 robe of cold resistance.
Found 7 gold pieces.
Found a stone staircase leading down.
Could not explore, unopened door.
Could not explore, unopened door.
Could not explore, unopened door.
You reach down and open the door.
There is an open door here.
Josephine and a wraith come into view.
There is an open door here.
You reach down and close the door.
You see here 7 gold pieces.
You see here 7 gold pieces.
Autopickup is now on.
You now have 538 gold pieces (gained 7).
A centaur zombie comes into view.
Throw: 35 darts (poison)
Aim: a centaur zombie (wandering, hasn't noticed you, 90% to hit)
You throw a poisoned dart.
The poisoned dart hits the centaur zombie.
Your hands begin to glow red.
The centaur zombie barely misses you.
The centaur zombie kicks you but does no damage.
You hit the centaur zombie but do no damage.
The centaur zombie hits you but does no damage.
The centaur zombie closely misses you.
You hit the centaur zombie but do no damage.
The centaur zombie appears confused.
You bite the centaur zombie! You drain its power.
You feel invigorated. The centaur zombie barely misses you.
The centaur zombie kicks you but does no damage.
You hit the centaur zombie. You hit the centaur zombie.
You bite the centaur zombie. You drain its power. You hit the centaur zombie.
You bite the centaur zombie, but do no damage.
The centaur zombie hits you but does no damage.
The centaur zombie kicks you but does no damage.
You hit the centaur zombie. You bite the centaur zombie.
You destroy the centaur zombie!
Dithmenos accepts your kill.
k - 35 poisoned darts (gained 1)
There is an open door here.
There is an open door here.
A troll comes into view.
A troll is nearby!
A troll is nearby!
A yaktaur comes into view. It is wielding a +0 mace.
Aim: a troll (umbra, chance to affect: 59%)
The troll resists with significant effort.
The yaktaur shouts!
Aim: a troll (umbra, chance to affect: 59%)
The troll resists with significant effort.
The troll closely misses you. The troll barely misses you.
The troll claws you but does no damage.
Aim: a troll (umbra, chance to affect: 59%)
The troll looks drowsy...
The helpless troll fails to defend itself.
You stick the troll like a pincushion!!!!
You kill the troll!
Dithmenos accepts your kill.
Aim: a yaktaur, wielding a +0 mace and quivering bolts (umbra, chance to affect: 41%)
You miscast Ensorcelled Hibernation.
You are very lightly contaminated with residual magic.
Nothing appears to happen.
The yaktaur unwields a +0 mace.
The yaktaur wields a +0 arbalest.
The yaktaur shoots a bolt.
The bolt barely misses you.
A yaktaur comes into view.
The yaktaur shoots a bolt.
The bolt hits you!!
The yaktaur wields a +0 arbalest.
The yaktaur shoots a bolt.
The bolt completely misses you.
You hear a shout!
The yaktaur unwields a +0 arbalest.
The yaktaur wields a +0 mace.
The yaktaur hits you with a +0 mace.
A yaktaur comes into view.
The yaktaur unwields a +0 mace.
The yaktaur wields a +0 arbalest.
The yaktaur shoots a bolt.
The bolt hits you!
A yaktaur comes into view.
The yaktaur shoots a bolt.
The bolt hits you!!
* * * LOW HITPOINT WARNING * * *
The yaktaur shoots a bolt.
The bolt hits you!!
You die...

##########################
..........................
.....####@..#.....##...#..
.##.........#.....##......
......c...................
........########'#.....###
.##.....# #....#.....#
#..#..# #....#.....#
cc.....# ####.#.....#
c######## #.#######
#.....##@


You could see 2 yaktaurs.

Vanquished Creatures
  Harold (D:7)
  Pikel (D:7)
  Joseph (D:8)
  A hornet (D:9)
  2 trolls
  A shadow (D:8)
  2 wyverns (D:9)
  Sigmund (D:6)
  8 yaks (D:9)
  3 steam dragons
  A water moccasin (D:6)
  Edmund (D:5)
  Duvessa (D:5)
  5 orc warriors
  2 ice beasts
  2 hornet zombies
  4 ogres
  2 black bears
  3 sky beasts
  2 necrophages
  5 centaurs
  A phantom (D:6)
  3 kobold brigands (D:9)
  4 lemures (D:7)
  2 bullfrogs
  2 scorpions
  2 elf zombies (Ossuary)
  Dowan (D:5)
  A water moccasin skeleton (D:5)
  A howler monkey (D:6)
  2 human zombies (Ossuary)
  A bullfrog zombie (D:5)
  3 centaur zombies
  A jelly (D:6)
  2 bullfrog skeletons (D:5)
  4 orc priests
  3 hounds
  An iguana (D:4)
  5 orc wizards
  A killer bee zombie (D:8)
  A hound zombie (Ossuary)
  4 mummies
  A howler monkey zombie (D:8)
  A gnoll (D:6)
  8 adders
  2 white imps
  3 adder zombies (Ossuary)
  A worm (D:4)
  7 dart slugs
  16 orcs
  3 ball pythons
  6 bats
  6 endoplasms
  2 giant cockroaches
  2 gnoll zombies (Ossuary)
  7 goblins
  5 hobgoblins
  10 jackals (D:1)
  2 quokkas (D:1)
  5 frilled lizards
  3 goblin zombies
  A hobgoblin zombie (Ossuary)
  2 jackal zombies (Ossuary)
  19 kobolds
  8 kobold zombies
  3 quokka zombies (Ossuary)
  4 rats
  5 rat zombies (Ossuary)
226 creatures vanquished.

Vanquished Creatures (collateral kills)
  2 gnolls (D:6)
  2 orcs
4 creatures vanquished.

Vanquished Creatures (others)
  3 dancing weapons
  2 orcs (D:8)
5 creatures vanquished.

Grand Total: 235 creatures vanquished

Notes
Turn   | Place    | Note
-------+----------+-------------------------------------------
     0 | D:1      | CryoSword the Vine Stalker Enchanter began the quest for
                  | the Orb.
     0 | D:1      | Reached XP level 1. HP: 9/9 MP: 4/4
   144 | D:1      | Reached skill level 1 in Short Blades
   295 | D:1      | Reached XP level 2. HP: 12/13 MP: 6/6
   482 | D:1      | Learned a level 2 spell: Ensorcelled Hibernation
   969 | D:1      | Reached XP level 3. HP: 15/17 MP: 2/7
  1026 | D:1      | Found a faded altar of an unknown god.
  2057 | D:2      | Found a shadowy altar of Dithmenos.
  2191 | D:2      | Became a worshipper of Dithmenos the Shadowed
  2432 | D:2      | Gained mutation: Your natural rate of healing is unusually
                  | fast. [Vine Stalker growth]
  2432 | D:2      | Reached XP level 4. HP: 21/21 MP: 8/8
  2750 | D:2      | Learned a level 3 spell: Confusing Touch
  2754 | D:2      | Learned a level 3 spell: Tukima's Dance
  2894 | D:3      | Found a sacrificial altar of Ru.
  3040 | D:3      | Found a shimmering blue altar of Sif Muna.
  3050 | D:3      | Reached skill level 1 in Fighting
  3966 | D:4      | Reached XP level 5. HP: 25/25 MP: 10/10
  3972 | D:4      | Identified the +3 whip of the Sea {drain, *Rage Str+7}
  4501 | D:4      | Reached * piety under Dithmenos
  4546 | D:4      | Reached XP level 6. HP: 30/30 MP: 11/11
  4982 | D:5      | Entered Level 5 of the Dungeon
  4982 | D:5      | Noticed Duvessa
  4983 | D:5      | Noticed Dowan
  5093 | D:5      | Noticed a necrophage
  5100 | D:5      | Killed a necrophage
  5101 | D:5      | Reached skill level 5 in Stealth
  5101 | D:5      | Reached XP level 7. HP: 35/35 MP: 13/13
  5214 | D:5      | Found a bloodstained altar of Trog.
  5252 | D:5      | Reached skill level 1 in Ice Magic
  5357 | D:5      | Found Nubourph's Antique Weapon Emporium.
  5374 | D:5      | Reached skill level 5 in Hexes
  5547 | D:5      | Noticed Edmund
  5583 | D:5      | Killed Edmund
  5670 | D:5      | Gained mutation: You have razor-sharp teeth. [Vine Stalker
                  | growth]
  5670 | D:5      | Reached XP level 8. HP: 39/39 MP: 9/14
  5730 | D:5      | Killed Duvessa
  5748 | D:5      | Killed Dowan
  6203 | D:6      | Noticed Sigmund
  6319 | D:6      | Found a radiant altar of Vehumet.
  6545 | D:6      | Reached skill level 5 in Short Blades
  6602 | D:6      | Killed Sigmund
  6603 | D:6      | Reached XP level 9. HP: 44/44 MP: 16/16
  6715 | D:6      | Reached ** piety under Dithmenos
  6892 | D:6      | Reached skill level 5 in Spellcasting
  7192 | D:7      | Found a sand-covered staircase.
  7211 | Ossuary  | Entered an ossuary
  7436 | Ossuary  | Reached *** piety under Dithmenos
  7587 | D:7      | Noticed Harold
  7604 | D:7      | Killed Harold
  7605 | D:7      | Reached XP level 10. HP: 10/51 MP: 7/19
  7839 | D:7      | Noticed Pikel
  7867 | D:7      | Found a staircase to the Ecumenical Temple.
  7941 | D:7      | Killed Pikel
  7949 | D:7      | Learned a level 3 spell: Dazzling Flash
  8650 | D:8      | Found a runed translucent door.
  8651 | D:8      | Noticed Cykl0x's ghost (novice GrEE)
  8753 | D:8      | Reached skill level 1 in Conjurations
  8846 | D:8      | Noticed Joseph
  9064 | D:8      | Killed Joseph
  9065 | D:8      | Reached skill level 5 in Fighting
  9737 | D:9      | Reached XP level 11. HP: 56/56 MP: 15/21
 10149 | D:9      | Reached **** piety under Dithmenos
 10416 | D:10     | Entered Level 10 of the Dungeon
 10539 | D:10     | Identified the +7 flail "Grim" {flame, rF+ rC+}
 10733 | D:10     | Noticed Josephine
 10826 | D:10     | Shot with a bolt by a yaktaur

Illustrated notes

Levels and vault maps discovered:
D:1:      dpeg_arrival_rooms_with_view, layout_loops_ring,
          hellmonk_ecumenical_altar_defaced_shrine
D:2:      layout_basic, basic_altar, minmay_misc_feat_more_columns,
          minmay_misc_feat_columns, hangedman_decor_points,
          hangedman_decor_riveting
D:3:      layout_basic, mainiacjoe_overflow_catwalk_spiral
D:4:      minmay_general_purpose_star, layout_basic, serial_corexii_hall,
          corexii_hall_statues_x, corexii_hall_statues_s,
          chequers_hall_statues_wall_a
D:5:      layout_basic, mainiacjoe_overflow_small_starburst, serial_shops,
          nicolae_shop_trees, uniq_edmund, uniq_duvessa
D:6:      layout_rooms, lemuel_tele_altar, uniq_sigmund
D:7:      layout_basic, minmay_temple_entry_gardened_gates,
          nicolae_ossuary_entry_giza, kennysheep_boxes, uniq_pikel, uniq_harold
D:8:      layout_cave_pools, ebering_ghost_reflecting_pool,
          hangedman_abyss_or_decor_stabs, uniq_joseph
D:9:      layout_stronghold
D:10:     minmay_recursive_quarters, layout_stronghold, lair_entry_dummy,
          david_orc_4, amethyst_killhole, uniq_josephine, uniq_fannar

Skill      XL: |  1  2  3  4  5  6  7  8  9 10 11 |
---------------+----------------------------------+-----
Short Blades   | 1 2 3 4 5 6 7 8 |  8.2
Stealth        | 4 5 6 7 9 |  9.8
Fighting       | 1 2 3 4 5 |  5.5
Hexes          | 4 5 6 8 9 |  9.4
Spellcasting   | 3 4 5 6 |  6.6
Ice Magic      | 2 3 |  3.0
Conjurations   | 2 |  2.0
Dodging        | |  1.5

Action                   |  1- 3 |  4- 6 |  7- 9 | 10-12 || total
-------------------------+-------+-------+-------+-------++-------
Melee: Dagger            |   138 |    83 |   210 |   178 ||   609
       Bite              |    36 |    15 |   107 |    77 ||   235
       Punch             |     2 |     1 |     4 |     4 ||    11
       Short sword       |       |       |    77 |    31 ||   108
Throw: Dart              |       |     4 |       |     1 ||     5
 Cast: Ensorcelled Hiber |    18 |    34 |    40 |    54 ||   146
       Confusing Touch   |       |     1 |    15 |    14 ||    30
       Tukima's Dance    |       |       |     7 |     4 ||    11
  Use: Scroll            |       |       |     8 |     3 ||    11
       Potion            |       |       |     2 |     1 ||     3
 Stab: Sleeping          |    14 |    23 |    44 |    42 ||   123
       Confused          |       |     1 |     9 |     8 ||    18
       Distracted        |       |       |     2 |       ||     2
       Invisible         |       |       |     2 |       ||     2
Armor: Robe              |    27 |     9 |    32 |    39 ||   107
       Ring mail         |       |       |       |     6 ||     6
Dodge: Dodged            |   109 |    57 |   127 |    99 ||   392
